[Event "fics rated crazyhouse match"]
[Site "fics, Oklahoma City, OK USA"]
[Date "2000.11.26"]
[White "liveZ"]
[WhiteElo "2316"]
[Black "Gobi"]
[BlackElo "2372"]
[TimeControl "60+0"]
[Result "1-0"]

1. e4 Nf6 2. d4 Nxe4 3. Bc4 d5 4. Bd3 Nc6 5. Nf3 Bg4 6. Be3 
e6 7. O-O Bd6 8. Nbd2 P@c3 9. Nxe4 dxe4 10. Bxe4 cxb2 11. Bxc6+ bxc6 
12. Rb1 N@c3 13. Qe1 Bxf3 14. gxf3 Nxb1 15. P@g2 Nc3 16. N@h5 N@e2+ 17. Kh1 
R@g6 18. B@g3 B@d5 19. N@e4 Nxe4 20. Qxe2 Nxg3+ 21. fxg3 P@g4 22. N@e4 gxf3 
23. gxf3 P@h3 24. N@h4 Bxe4 25. fxe4 Qxh4 26. B@f3 Qxh5 27. Bxh5 B@g2+ 28. Kg1 
N@c3 29. P@d7+ Kxd7 30. Q@g4 Nxe2+ 31. Qxe2 Q@h1+ 32. Kf2 Qxf1+ 33. Qxf1 Bxf1 
34. Q@e7+ Bxe7 35. N@e5+ Kc8 36. Nxc6 
{Gobi forfeits on time} 1-0

[Event "fics rated crazyhouse match"]
[Site "fics, Oklahoma City, OK USA"]
[Date "2000.11.26"]
[White "Gobi"]
[WhiteElo "2363"]
[Black "liveZ"]
[BlackElo "2325"]
[TimeControl "60+0"]
[Result "1-0"]

1. e4 e6 2. Nc3 Nc6 3. Nf3 Bb4 4. Bb5 Nf6 5. O-O a6 6. Bxc6 
bxc6 7. d3 d5 8. e5 Ng4 9. N@h5 Rg8 10. Bg5 B@e7 11. Bd2 f6 
12. d4 f5 13. Ne2 Bxd2 14. Nxd2 B@f7 15. Nhg3 Bg5 16. h3 Nh6 17. Nf3 
Rb8 18. B@a3 Be7 19. Bxe7 Qxe7 20. B@a3 B@b4 21. Bxb4 Rxb4 22. B@a3 a5 
23. c3 B@c4 24. cxb4 axb4 25. R@b8 Kd8 26. Bxb4 Qxb4 27. Rxb4 Bxe2 28. Qxe2 
B@e7 29. P@d6 cxd6 30. B@b6+ P@c7 31. Bxc7+ Kd7 32. exd6 P@h2+ 33. Nxh2 N@f4 
34. Qa6 Bxa6 35. dxe7 Kxe7 36. Bxf4 P@d6 37. Bxd6+ Kxd6 38. B@c5+ Kd7 39. Q@e7+ 
Kc8 40. P@d7+ Kc7 41. d8=Q# 
{liveZ checkmated} 1-0

[Event "fics rated crazyhouse match"]
[Site "fics, Oklahoma City, OK USA"]
[Date "2000.11.26"]
[White "liveZ"]
[WhiteElo "2318"]
[Black "Gobi"]
[BlackElo "2370"]
[TimeControl "60+0"]
[Result "0-1"]

1. e4 Nf6 2. e5 Ne4 3. Bc4 d5 4. exd6 Nxd6 5. Be2 e5 6. Nf3 
Nc6 7. Nc3 e4 8. Ng1 Bf5 9. d3 exd3 10. cxd3 Nd4 11. P@c2 P@b4 
12. Nb1 N6b5 13. P@e3 Nxe2 14. Nxe2 P@h3 15. Rg1 hxg2 16. Ng3 Bh3 17. N@f4 
B@g4 18. f3 Bd6 19. fxg4 Bxf4 20. exf4 Nd4 21. B@e3 N@f3+ 22. Kf2 Nxg1 
23. Qxg1 R@f1+ 24. Nxf1 gxf1=Q+ 25. Qxf1 Bxf1 26. R@e4+ N@e6 27. Kxf1 Q@f3+ 28. B@f2 
P@g2+ 29. Ke1 Qxe4 30. dxe4 R@f1+ 31. Kd2 Nb3+ 32. Ke2 Qd1# 
{liveZ checkmated} 0-1

[Event "fics rated crazyhouse match"]
[Site "fics, Oklahoma City, OK USA"]
[Date "2000.11.26"]
[White "Gobi"]
[WhiteElo "2377"]
[Black "liveZ"]
[BlackElo "2311"]
[TimeControl "60+0"]
[Result "0-1"]

1. e4 e6 2. Nc3 Nc6 3. Nf3 Bb4 4. Bb5 Nf6 5. Qe2 d6 6. O-O 
Bd7 7. d4 e5 8. Bxc6 Bxc6 9. d5 Bd7 10. Bg5 B@h5 11. h3 h6 
12. Bxf6 Qxf6 13. N@g4 Bdxg4 14. hxg4 Bxg4 15. Qb5+ P@d7 16. B@e2 Bxf3 17. Bxf3 
N@d4 18. Qxb4 Nxf3+ 19. gxf3 Qxf3 20. N@h4 Qg4+ 21. B@g3 Qxh4 22. Bxh4 N@f3+ 
23. Kh1 P@g2+ 24. Kxg2 Nxh4+ 25. Kh3 B@g5 26. B@h1 N@f4+ 27. Kg3 Nh5+ 28. Kg4 
Nf6+ 29. Kg3 B@f4+ 30. Kh3 B@g4# 
{Gobi checkmated} 0-1

[Event "fics rated crazyhouse match"]
[Site "fics, Oklahoma City, OK USA"]
[Date "2000.11.26"]
[White "liveZ"]
[WhiteElo "2320"]
[Black "Gobi"]
[BlackElo "2368"]
[TimeControl "60+0"]
[Result "1-0"]

1. e4 Nf6 2. e5 Nd5 3. Nf3 e6 4. d4 Nb6 5. Bd3 Nc6 6. O-O 
d5 7. Bg5 Ne7 8. Nbd2 Bd7 9. c3 Ba4 10. b3 Bc6 11. a4 a5 
12. Qe2 h6 13. Bh4 Qd7 14. Bxe7 Bxe7 15. N@h5 B@f8 16. c4 dxc4 17. bxc4 
P@g6 18. Ng3 Bxf3 19. Nxf3 N@f4 20. Qd2 Nxd3 21. Qxd3 Nxc4 22. Qxc4 B@d5 
23. Qe2 Bb4 24. P@e4 Bb3 25. B@b5 P@c6 26. d5 cxb5 27. axb5 exd5 28. exd5 
Bxd5 29. P@e4 B@c4 30. P@d3 Bxb5 31. exd5 P@g4 32. B@c6 bxc6 33. dxc6 Bxc6 
34. e6 gxf3 35. exd7+ Kxd7 36. N@e5+ Kc8 37. P@b7# 
{Gobi forfeits on time} 1-0

[Event "fics rated crazyhouse match"]
[Site "fics, Oklahoma City, OK USA"]
[Date "2000.11.26"]
[White "Gobi"]
[WhiteElo "2359"]
[Black "liveZ"]
[BlackElo "2329"]
[TimeControl "60+0"]
[Result "0-1"]

1. Nf3 e6 2. Nc3 Nc6 3. e4 Bb4 4. Bb5 Nf6 5. Qe2 d6 6. O-O 
O-O 7. d4 e5 8. Bxc6 bxc6 9. dxe5 dxe5 10. Nxe5 Bxc3 11. bxc3 N@b5 
12. B@b4 P@c5 13. Bxc5 B@d6 14. Bxd6 cxd6 15. Nxc6 Nxc3 16. Qd3 B@b5 17. Qxc3 
Bxc6 18. Qxc6 Bd7 19. Qxd6 Nxe4 20. Qf4 Bc6 21. Kh1 P@h3 22. P@f3 hxg2+ 
23. Kxg2 P@h3+ 24. Kxh3 Ng5+ 25. Qxg5 Qxg5 26. Bxg5 P@g4+ 27. Kxg4 f5+ 28. Kh3 
Q@h5+ 29. N@h4 Bxf3 30. N@e5 P@g4+ 31. Kg3 N@e2# 
{Gobi checkmated} 0-1

[Event "fics rated crazyhouse match"]
[Site "fics, Oklahoma City, OK USA"]
[Date "2000.11.26"]
[White "liveZ"]
[WhiteElo "2338"]
[Black "Gobi"]
[BlackElo "2350"]
[TimeControl "60+0"]
[Result "0-1"]

1. e4 Nf6 2. e5 Nd5 3. Nf3 e6 4. d4 Nc6 5. Bd3 d6 6. O-O 
dxe5 7. dxe5 P@g4 8. Bg5 Nde7 9. Nfd2 Nxe5 10. Nc3 P@f6 11. Bf4 Nxd3 
12. cxd3 Ng6 13. Qxg4 e5 14. Be3 Bxg4 15. P@f3 Bxf3 16. Nxf3 P@g4 17. B@f5 
gxf3 18. P@d7+ Qxd7 19. Bxd7+ Kxd7 20. Q@f5+ P@e6 21. Qxf3 B@c6 22. P@d5 exd5 
23. Nxd5 P@e6 24. P@e4 N@h4 25. Qg4 h5 26. Qg3 exd5 27. exd5 Bxd5 28. P@e4 
N@e2+ 29. Kh1 Nxg3+ 30. hxg3 P@h3 31. Rg1 B@f3 32. N@e1 hxg2+ 33. Nxg2 Q@h3+ 
34. P@h2 Bxg2+ 35. Rxg2 Qxg2# 
{liveZ checkmated} 0-1

[Event "fics rated crazyhouse match"]
[Site "fics, Oklahoma City, OK USA"]
[Date "2000.11.26"]
[White "Gobi"]
[WhiteElo "2358"]
[Black "liveZ"]
[BlackElo "2330"]
[TimeControl "60+0"]
[Result "0-1"]

1. Nc3 e6 2. Nf3 d5 3. e4 Nf6 4. e5 Ne4 5. Be2 Nc6 6. O-O 
Be7 7. d3 Nxc3 8. bxc3 N@g4 9. Bf4 f6 10. exf6 Bxf6 11. P@d4 O-O 
12. Rb1 P@d6 13. h3 e5 14. Bd2 exd4 15. cxd4 Nxf2 16. Rxf2 P@g3 17. Rf1 
P@f2+ 18. Kh1 Nxd4 19. N@h5 P@g4 20. Nxd4 gxh3 21. Nxg3 hxg2+ 22. Kxg2 Bxd4 
23. N@h5 N@h4+ 24. Kh2 P@f4 25. Bxf4 P@g6 26. Nxg7 Bxg7 27. P@h6 Rxf4 28. hxg7 
B@g1+ 29. Rxg1 fxg1=Q+ 30. Qxg1 R@f2+ 31. Kh1 Rxe2 
{Gobi forfeits on time} 0-1

[Event "fics rated crazyhouse match"]
[Site "fics, Oklahoma City, OK USA"]
[Date "2000.11.26"]
[White "liveZ"]
[WhiteElo "2339"]
[Black "Gobi"]
[BlackElo "2349"]
[TimeControl "60+0"]
[Result "1-0"]

1. e4 Nf6 2. e5 Nd5 3. Nc3 e6 4. Nf3 Nc6 5. Bc4 d6 6. d4 
dxe5 7. Nxe5 Nxe5 8. dxe5 Nxc3 9. Qxd8+ Kxd8 10. bxc3 Q@e4+ 11. N@e3 Qxe5 
12. P@d4 Qg5 13. N@f3 Qe7 14. Ne5 P@d6 15. Nf3 N@f4 16. Rg1 N@f5 17. Nxf5 
exf5+ 18. N@e3 N@a4 19. Q@g5 Ne6 20. Qxe7+ Bxe7 21. Nxf5 Nxc3 22. Bd2 Q@e4+ 
23. Ne3 Nxd4 24. Nxd4 Qxd4 25. Q@d3 Qxd3 26. Bxd3 P@b2 27. Bxc3 bxa1=Q+ 28. Bxa1 
R@b1+ 29. N@d1 Rxa1 30. P@d2 B@b4 31. P@c3 Bc5 32. Q@e2 Bxe3 33. fxe3 N@e5 
34. B@f3 Nxd3+ 35. cxd3 Rxd1+ 36. Qxd1 N@c2+ 37. Qxc2 
{Gobi forfeits on time} 1-0

[Event "fics rated crazyhouse match"]
[Site "fics, Oklahoma City, OK USA"]
[Date "2000.11.26"]
[White "Gobi"]
[WhiteElo "2341"]
[Black "liveZ"]
[BlackElo "2347"]
[TimeControl "60+0"]
[Result "1-0"]

1. e4 e6 2. Nf3 Nc6 3. Nc3 Nf6 4. Be2 Bb4 5. O-O d6 6. d3 
e5 7. Bg5 Bxc3 8. bxc3 Bg4 9. B@h4 N@d7 10. Nd2 Be6 11. Rb1 Rb8 
12. c4 Ne7 13. Bxf6 Nxf6 14. Bxf6 gxf6 15. N@g7+ Kd7 16. N@d5 Ng6 17. Bg4 
B@h6 18. Nxe6 fxe6 19. Bxe6+ Kxe6 20. P@f5+ Kd7 21. B@e6+ Ke8 22. fxg6 Qe7 
23. Nxe7 hxg6 24. Q@d7+ Kf8 25. Nxg6# 
{liveZ checkmated} 1-0

[Event "fics rated crazyhouse match"]
[Site "fics, Oklahoma City, OK USA"]
[Date "2000.11.26"]
[White "liveZ"]
[WhiteElo "2339"]
[Black "Gobi"]
[BlackElo "2349"]
[TimeControl "60+0"]
[Result "0-1"]

1. e4 Nf6 2. e5 Nd5 3. Qf3 e6 4. Nc3 Nb4 5. Qd1 N8c6 6. Nf3 
d6 7. Bb5 Bd7 8. d4 dxe5 9. Nxe5 Nxe5 10. dxe5 Bxb5 11. Nxb5 Qxd1+ 
12. Kxd1 Q@d5+ 13. B@d3 B@a5 14. Nc3 Qd7 15. P@e2 P@c4 16. Bd2 cxd3 17. exd3 
Nxc2 18. Kxc2 N@b4+ 19. Kd1 Qxd3 20. P@e2 Qc2+ 21. Ke1 B@d4 22. Q@b5+ Nc6 
23. N@a3 Bxf2+ 24. Kxf2 Qxd2 25. B@e3 Qxe3+ 26. Kxe3 B@d4+ 27. Kf3 Bxa3 28. Q@f4 
Bdxc3 29. Qxc6+ bxc6 30. N@f6+ gxf6 31. N@d6+ Kd8 32. Nxf7+ Kc8 33. P@b7+ Kxb7 
34. Nd6+ cxd6 35. exf6 Ba3b4 36. Qxd6 N@e5+ 37. Kg3 Bd4 38. Kf4 Q@g4# 
{liveZ checkmated} 0-1

[Event "fics rated crazyhouse match"]
[Site "fics, Oklahoma City, OK USA"]
[Date "2000.11.26"]
[White "Gobi"]
[WhiteElo "2357"]
[Black "LINDEGREN"]
[BlackElo "2376"]
[TimeControl "60+0"]
[Result "1-0"]

1. e4 Nf6 2. Nc3 Nc6 3. Nf3 d5 4. exd5 Nxd5 5. Bc4 e6 6. O-O 
Bb4 7. Re1 Bxc3 8. dxc3 O-O 9. P@h6 gxh6 10. Bxd5 N@f5 11. Bxc6 Qxd1 
12. Rxd1 bxc6 13. N@f6+ Kh8 14. Bxh6 P@g7 15. Bxg7+ Nxg7 16. P@h6 Q@g6 17. hxg7+ 
Qxg7 18. P@e7 Rg8 19. Nxg8 P@e2 20. B@f6 exd1=Q+ 21. Rxd1 R@g6 22. Bxg7+ Rxg7 
23. Q@f6 P@e2 24. Qxg7+ Kxg7 25. Q@f6# 
{LINDEGREN resigns} 1-0

[Event "fics rated crazyhouse match"]
[Site "fics, Oklahoma City, OK USA"]
[Date "2000.11.26"]
[White "Gobi"]
[WhiteElo "2357"]
[Black "LINDEGREN"]
[BlackElo "2376"]
[TimeControl "60+0"]
[Result "0-1"]

1. e4 Nf6 2. Nc3 Nc6 3. d4 d5 4. exd5 Nxd5 5. Bc4 e6 6. Nf3 
Bb4 7. Bd2 P@a3 8. Bxd5 exd5 9. bxa3 Qe7+ 10. P@e5 Bxc3 11. Bxc3 N@e4 
12. B@b4 Nxb4 13. Bxb4 B@c3+ 14. Bxc3 Nxc3 15. B@b4 Nxd1 16. Rxd1 B@d6 17. Bxd6 
cxd6 18. P@f6 B@c3+ 19. B@d2 Bxd2+ 20. Nxd2 gxf6 21. N@g7+ Kd8 22. N@f5 Bxf5 
23. Nxf5 B@g4 24. N@g3 P@e2 25. Nxe2 Bxf5 26. exd6 Qxe2+ 27. Kxe2 N@f4+ 28. Kf3 
Q@g4+ 29. Ke3 Nxg2# 
{Gobi checkmated} 0-1

[Event "fics rated crazyhouse match"]
[Site "fics, Oklahoma City, OK USA"]
[Date "2000.11.26"]
[White "LINDEGREN"]
[WhiteElo "2384"]
[Black "Gobi"]
[BlackElo "2349"]
[TimeControl "60+0"]
[Result "0-1"]

1. e4 Nf6 2. Nc3 e5 3. Nf3 Nc6 4. Bc4 Bc5 5. O-O O-O 6. d3 
h6 7. Be3 Bxe3 8. fxe3 d6 9. B@f5 B@g4 10. Bxg4 Bxg4 11. Qe2 B@b6 
12. B@f5 Bxf5 13. exf5 B@f4 14. Kh1 Bfxe3 15. B@g6 d5 16. Nxd5 Nxd5 17. Bxf7+ 
Rxf7 18. P@g6 Rf6 19. Bxd5+ Qxd5 20. N@g4 Rxf5 21. Nfxe5 P@f2 22. P@h7+ Kh8 
23. Nf7+ Rxf7 24. gxf7 Qxg2+ 25. Kxg2 N@f4+ 26. Kf3 N@g5+ 27. Kg3 Nxe2+ 28. Kg2 
Q@f3# 
{LINDEGREN checkmated} 0-1

[Event "fics rated crazyhouse match"]
[Site "fics, Oklahoma City, OK USA"]
[Date "2000.11.26"]
[White "Gobi"]
[WhiteElo "2358"]
[Black "LINDEGREN"]
[BlackElo "2375"]
[TimeControl "60+0"]
[Result "0-1"]

1. e4 Nf6 2. Nc3 Nc6 3. d4 d5 4. e5 Ne4 5. Bd3 Nxc3 6. bxc3 
e6 7. Ne2 Be7 8. Nf4 N@e4 9. Bxe4 dxe4 10. Nh5 Rg8 11. Rb1 B@g6 
12. Nf4 Bf5 13. N@e3 Nxe5 14. dxe5 Qxd1+ 15. Nxd1 P@d3 16. N@d4 dxc2 17. Nxc2 
P@f3 18. Rg1 fxg2 19. Rxg2 P@f3 20. Rg3 Bd7 21. P@f6 Bc5 22. fxg7 Q@h1+ 
23. N@f1 Bxf2+ 24. Nxf2 Qxf1+ 25. Kxf1 P@g2# 
{Gobi forfeits on time} 0-1

[Event "fics rated crazyhouse match"]
[Site "fics, Oklahoma City, OK USA"]
[Date "2000.11.26"]
[White "LINDEGREN"]
[WhiteElo "2383"]
[Black "Gobi"]
[BlackElo "2350"]
[TimeControl "60+0"]
[Result "1-0"]

1. e4 Nf6 2. Nc3 e5 3. Nf3 Nc6 4. Bc4 Bc5 5. O-O O-O 6. d3 
Ng4 7. Be3 Nxe3 8. fxe3 Bxe3+ 9. Kh1 d6 10. N@f5 Bxf5 11. exf5 N@h4 
12. Nxh4 Qxh4 13. B@g3 Qxg3 14. hxg3 N@f2+ 15. Rxf2 Bxf2 16. N@h6+ gxh6 17. Qg4+ 
R@g5 18. Qxg5+ hxg5 19. R@g7+ Kxg7 20. f6+ Kxf6 21. Nd5+ Ke6 22. Nxc7+ Kd7 
23. P@e6+ Kc8 24. Q@d7+ Kb8 25. N@a6+ bxa6 26. Nxa6# 
{Gobi checkmated} 1-0

[Event "fics rated crazyhouse match"]
[Site "fics, Oklahoma City, OK USA"]
[Date "2000.11.26"]
[White "Gobi"]
[WhiteElo "2343"]
[Black "LINDEGREN"]
[BlackElo "2390"]
[TimeControl "60+0"]
[Result "0-1"]

1. e4 Nf6 2. e5 Nc6 3. exf6 gxf6 4. d4 d5 5. Nc3 Rg8 6. Be3 
Bg4 7. f3 Bf5 8. Qd2 e6 9. Bd3 Bxd3 10. cxd3 B@b4 11. Nh3 Bxc3 
12. bxc3 P@b4 13. Rc1 bxc3 14. Rxc3 N@b1 15. O-O Nxd2 16. Bxd2 Nxd4 17. Re1 
Nxf3+ 18. Kh1 Rxg2 
{Gobi forfeits on time} 0-1

[Event "fics rated crazyhouse match"]
[Site "fics, Oklahoma City, OK USA"]
[Date "2000.11.26"]
[White "LINDEGREN"]
[WhiteElo "2397"]
[Black "Gobi"]
[BlackElo "2336"]
[TimeControl "60+0"]
[Result "1-0"]

1. e4 Nc6 2. Nc3 Nf6 3. Nf3 e5 4. Bc4 Bc5 5. O-O O-O 6. d3 
d6 7. Be3 Bg4 8. h3 Bxf3 9. Qxf3 Bxe3 10. fxe3 N@d2 11. Qe2 Nxf1 
12. Rxf1 B@h4 13. N@f5 Bg5 14. B@g3 R@g6 15. Kh1 a6 16. h4 Bh6 17. Nxh6+ 
gxh6 18. B@e1 N@h5 19. B@h2 Na5 20. Nd1 Nxc4 21. dxc4 B@g4 22. N@f3 Nxe4 
23. Nc3 Nexg3+ 24. Bhxg3 P@f4 25. exf4 exf4 26. N@e7+ Qxe7 27. Qxe7 fxg3 28. P@f6 
Nxf6 29. Ne5 N@f5 30. Nxg6 Nxe7 31. Q@h8# 
{Gobi checkmated} 1-0

[Event "fics rated crazyhouse match"]
[Site "fics, Oklahoma City, OK USA"]
[Date "2000.11.26"]
[White "Gobi"]
[WhiteElo "2329"]
[Black "LINDEGREN"]
[BlackElo "2404"]
[TimeControl "60+0"]
[Result "1-0"]

1. d4 Nf6 2. Nc3 Nc6 3. d5 Ne5 4. Nf3 Nxf3+ 5. exf3 e6 6. Bc4 
exd5 7. Nxd5 Nxd5 8. Qxd5 P@e6 9. Qd1 d5 10. Bb5+ c6 11. Be2 Bd6 
12. N@h5 Rg8 13. P@h6 N@h4 14. g3 Nf5 15. hxg7 Be7 16. Bf4 Nxg7 17. Nxg7+ 
Rxg7 18. N@c7+ Kf8 19. P@h6 N@g2+ 20. Kf1 Nxf4 21. hxg7+ Kxg7 22. gxf4 B@h3+ 
23. Ke1 N@g2+ 24. Kd2 Qxc7 25. R@g3+ P@g6 26. N@e5 Nxf4 27. N@e8+ Kf8 28. Nxc7 
P@c3+ 29. bxc3 Bd7 30. Q@h8+ N@g8 31. P@g7# 
{LINDEGREN checkmated} 1-0

[Event "fics rated crazyhouse match"]
[Site "fics, Oklahoma City, OK USA"]
[Date "2000.11.26"]
[White "LINDEGREN"]
[WhiteElo "2394"]
[Black "Gobi"]
[BlackElo "2339"]
[TimeControl "60+0"]
[Result "0-1"]

1. e4 e5 2. Nf3 Nc6 3. Bc4 Nf6 4. O-O Be7 5. Nc3 O-O 6. d3 
d6 7. Ng5 Bg4 8. f3 Bh5 9. Be3 Bg6 10. Qe2 Nh5 11. g3 Bxg5 
12. Bxg5 Qxg5 13. B@d2 Nxg3 14. Qg2 Ne2+ 15. Kf2 Qxg2+ 16. Kxg2 N@f4+ 17. Kf2 
Nxc3 18. Bxf4 Q@e2+ 19. Kg1 N@h3# 
{LINDEGREN resigns} 0-1

[Event "fics rated crazyhouse match"]
[Site "fics, Oklahoma City, OK USA"]
[Date "2000.11.26"]
[White "Gobi"]
[WhiteElo "2348"]
[Black "LINDEGREN"]
[BlackElo "2385"]
[TimeControl "60+0"]
[Result "0-1"]

1. e4 e6 2. d4 Nc6 3. Nc3 Nf6 4. Bg5 Be7 5. Bd3 d5 6. e5 
Nd7 7. Bxe7 Nxe7 8. Nh3 B@g6 9. Nf4 f5 10. Nxe6 Kf7 11. Nxd8+ Rxd8 
12. P@h5 Nf8 13. hxg6+ hxg6 14. B@f6 Be6 15. Bxg7 Nh7 16. Bh6 Rg8 17. P@f6 
Nc6 18. Bb5 Rae8 19. Nxd5 Bxd5 20. Q@d7+ N@e7 21. fxe7 Be6 22. Qxe8+ Kxe8 
23. Bxc6+ Kxe7 24. B@g5+ P@f6 25. exf6+ Nxf6 26. Bxf6+ Kxf6 27. Bg5+ Kxg5 28. N@h7+ 
Kh6 
{Gobi forfeits on time} 0-1

[Event "fics rated crazyhouse match"]
[Site "fics, Oklahoma City, OK USA"]
[Date "2000.11.26"]
[White "LINDEGREN"]
[WhiteElo "2392"]
[Black "Gobi"]
[BlackElo "2341"]
[TimeControl "60+0"]
[Result "0-1"]

1. e4 Nf6 2. Nc3 Nxe4 3. Nxe4 d5 4. Ng3 e5 5. Nf3 Bd6 6. d4 
e4 7. Ne5 P@f6 8. N@h5 Rg8 9. Ng4 Nc6 10. Be3 f5 11. Nxg7+ Rxg7 
12. Ne5 Nxe5 13. dxe5 Bxe5 14. P@f4 Bxb2 15. Bb5+ P@c6 16. Bxc6+ bxc6 17. O-O 
P@h3 18. N@h5 Rg6 19. gxh3 N@f3+ 20. Qxf3 exf3 21. N@e1 N@e2+ 22. Kh1 B@g2+ 
23. Nxg2 fxg2+ 24. Kxg2 N@h4# 
{LINDEGREN resigns} 0-1

[Event "fics rated crazyhouse match"]
[Site "fics, Oklahoma City, OK USA"]
[Date "2000.11.26"]
[White "Gobi"]
[WhiteElo "2350"]
[Black "LINDEGREN"]
[BlackElo "2383"]
[TimeControl "60+0"]
[Result "0-1"]

1. e4 e6 2. Nc3 Nf6 3. Nf3 d5 4. exd5 Nxd5 5. Bb5+ Nc6 6. O-O 
Nf4 7. Re1 P@h3 8. g3 Nd5 9. Ne4 Bd7 10. d4 Be7 11. Bf1 e5 
12. dxe5 Be6 13. P@h6 Rg8 14. Bg5 gxh6 15. Bxe7 Qxe7 16. Qxd5 Bxd5 17. N@f6+ 
Kd8 18. Nxd5 P@g2 19. Bxg2 hxg2 20. Kxg2 B@g4 21. Ng1 Nxe5 
{Gobi forfeits on time} 0-1

[Event "fics rated crazyhouse match"]
[Site "fics, Oklahoma City, OK USA"]
[Date "2000.11.26"]
[White "LINDEGREN"]
[WhiteElo "2390"]
[Black "Gobi"]
[BlackElo "2343"]
[TimeControl "60+0"]
[Result "1-0"]

1. e4 Nf6 2. Nc3 e5 3. Nf3 Nc6 4. Bc4 Bb4 5. O-O O-O 6. d3 
Bxc3 7. bxc3 d6 8. B@h4 Bg4 9. h3 Bxf3 10. Qxf3 N@d7 11. B@g5 N@e8 
12. Bxf6 Nexf6 13. Bcg5 B@e7 14. Bxf6 Bxf6 15. Bxf6 Qxf6 16. N@f5 B@e6 17. B@h4 
B@g5 18. Bxg5 Qxg5 19. B@h4 Qd2 20. Bxe6 fxe6 21. N@h6+ Kh8 22. B@e3 Qxc3 
23. Qg4 P@g6 24. Nxg7 Kxg7 25. P@f6+ Nxf6 26. Bxf6+ Rxf6 27. N@h5+ Kf8 28. Nxf6 
B@f7 29. Nxh7# 
{Gobi forfeits on time} 1-0

[Event "fics rated crazyhouse match"]
[Site "fics, Oklahoma City, OK USA"]
[Date "2000.11.26"]
[White "Gobi"]
[WhiteElo "2336"]
[Black "LINDEGREN"]
[BlackElo "2397"]
[TimeControl "60+0"]
[Result "0-1"]

1. d4 Nf6 2. c4 Nc6 3. Nc3 d5 4. cxd5 Nxd5 5. Nf3 e6 6. e4 
Nxc3 7. bxc3 P@b4 8. P@b2 bxc3 9. bxc3 P@b4 10. P@b2 N@a4 11. Qxa4 Bd7 
12. Qc2 bxc3 13. bxc3 P@b4 14. P@d5 bxc3 15. dxc6 P@d2+ 16. Nxd2 cxd2+ 17. Bxd2 
Bxc6 18. Rb1 Qxd4 19. N@b5 Bxb5 20. Bxb5+ P@c6 21. Bxc6+ bxc6 22. Qxc6+ B@d7 
23. Qxa8+ N@d8 24. B@g5 N@d3+ 25. Kf1 Qxf2# 
{Gobi checkmated} 0-1

[Event "fics rated crazyhouse match"]
[Site "fics, Oklahoma City, OK USA"]
[Date "2000.11.26"]
[White "LINDEGREN"]
[WhiteElo "2404"]
[Black "Gobi"]
[BlackElo "2329"]
[TimeControl "60+0"]
[Result "0-1"]

1. e4 Nc6 2. Nf3 Nf6 3. Nc3 e6 4. Bc4 Bb4 5. d3 d5 6. exd5 
exd5 7. Qe2+ P@e6 8. P@g5 Ng4 9. Bb5 d4 10. Bxc6+ bxc6 11. Bd2 dxc3 
12. bxc3 Be7 13. N@h5 Rg8 14. O-O B@g6 15. Nf4 N@d5 16. Nxg6 hxg6 17. P@h7 
Rh8 18. B@g8 N@a4 19. Ne5 Nxe5 20. Qxe5 N@f5 21. c4 Bd6 22. Qe2 Nf4 
23. Bxf4 Bxf4 24. N@e5 Bxe5 25. Qxe5 B@d4 26. Qe1 Qxg5 27. B@g3 Nxg3 28. hxg3 
Qxg3 29. Bxf7+ Kxf7 30. P@e3 N@f3# 
{LINDEGREN resigns} 0-1

[Event "fics rated crazyhouse match"]
[Site "fics, Oklahoma City, OK USA"]
[Date "2000.11.26"]
[White "Gobi"]
[WhiteElo "2339"]
[Black "LINDEGREN"]
[BlackElo "2394"]
[TimeControl "60+0"]
[Result "1-0"]

1. e4 Nf6 2. Nc3 Nc6 3. Nf3 d5 4. exd5 Nxd5 5. Bb5 e6 6. P@a6 
Nxc3 7. bxc3 N@f4 8. Rg1 P@e2 9. Bxe2 Nxe2 10. Qxe2 bxa6 11. N@e5 Nxe5 
12. Nxe5 P@f6 13. Nxf7 Kxf7 14. N@c6 Be7 15. Qh5+ B@g6 16. N@e5+ fxe5 17. Nxe5+ 
Kg8 18. P@f7+ Kf8 19. Nxg6+ hxg6 20. Qxh8+ Kxf7 21. Qxd8 Bxd8 22. Q@f3+ P@f5 
23. Qxa8 N@e5 24. B@e2 N@h4 25. Qxc8 Nxg2+ 26. Kd1 N@e3+ 27. dxe3 N@d5 28. N@h8# 
{LINDEGREN forfeits on time} 1-0

[Event "fics rated crazyhouse match"]
[Site "fics, Oklahoma City, OK USA"]
[Date "2000.11.26"]
[White "LINDEGREN"]
[WhiteElo "2385"]
[Black "Gobi"]
[BlackElo "2348"]
[TimeControl "60+0"]
[Result "1-0"]

1. e4 Nf6 2. Nf3 Nxe4 3. Nc3 d5 4. d4 Nc6 5. Bb5 Bg4 6. h3 
Nxc3 7. bxc3 Bxf3 8. Qxf3 N@d6 9. Bxc6+ bxc6 10. N@e5 B@e4 11. Qe2 P@d7 
12. Nxd7 Qxd7 13. N@e5 Bxg2 14. Nxd7 Kxd7 15. B@g4+ e6 16. Bf4 Bxh1 17. Bxd6 
R@g1+ 18. Kd2 N@e4+ 19. Qxe4 N@c4+ 20. Ke2 Bxd6 21. Bxe6+ fxe6 22. Qxe6+ Kxe6 
23. P@f5+ Ke7 24. Q@e6+ Kd8 25. N@f7# 
{Gobi checkmated} 1-0

[Event "fics rated crazyhouse match"]
[Site "fics, Oklahoma City, OK USA"]
[Date "2000.11.26"]
[White "LINDEGREN"]
[WhiteElo "2399"]
[Black "Gobi"]
[BlackElo "2334"]
[TimeControl "60+0"]
[Result "0-1"]

1. e4 Nf6 2. Nc3 d6 3. d4 a6 4. Nf3 Bg4 5. Bd3 e5 6. dxe5 
dxe5 7. O-O Bc5 8. Bg5 Nbd7 9. h3 Bxf3 10. Qxf3 h6 11. Bxf6 Nxf6 
12. N@f5 Rg8 13. B@b3 P@e6 14. P@g6 fxg6 15. Bxe6 P@f7 16. Bxf7+ Kxf7 17. Nd5 
gxf5 18. Qxf5 N@d4 19. P@g6+ Kf8 20. Qxf6+ gxf6 21. N@h7+ Kg7 22. Nhxf6 N@f3+ 
23. gxf3 Nxf3+ 24. Kg2 Nh4+ 25. Kg3 Q@g2+ 26. Kxh4 Qg5# 
{LINDEGREN checkmated} 0-1

[Event "fics rated crazyhouse match"]
[Site "fics, Oklahoma City, OK USA"]
[Date "2000.11.26"]
[White "Gobi"]
[WhiteElo "2343"]
[Black "LINDEGREN"]
[BlackElo "2390"]
[TimeControl "60+0"]
[Result "0-1"]

1. e4 Nf6 2. Nc3 Nc6 3. Nf3 d5 4. exd5 Nxd5 5. Bc4 e6 6. Bxd5 
Bb4 7. Bxc6+ bxc6 8. O-O B@h5 9. Re1 Bxc3 10. bxc3 P@g4 11. Ne5 O-O 
12. N@f4 Qg5 13. d4 N@f3+ 14. Nxf3 gxf3 15. N@g3 fxg2 16. Nfxh5 N@h3+ 17. Kxg2 
Qh4 18. B@g4 Ng5 19. Bxg5 Qxg5 20. B@f4 Qd5+ 21. P@e4 Qd8 22. P@f6 B@h8 
23. Bxc7 Qxc7 24. N@e7+ Qxe7 25. fxe7 Re8 26. Q@f8+ Rxf8 27. N@h6+ gxh6 28. exf8=Q+ 
Kxf8 29. R@d8+ B@e8 30. Rxe8+ Kxe8 31. Bh3 N@h4+ 32. Kh1 P@g2# 
{Gobi forfeits on time} 0-1

[Event "fics rated crazyhouse match"]
[Site "fics, Oklahoma City, OK USA"]
[Date "2000.11.26"]
[White "LINDEGREN"]
[WhiteElo "2397"]
[Black "Gobi"]
[BlackElo "2336"]
[TimeControl "60+0"]
[Result "0-1"]

1. e4 Nc6 2. Nc3 Nf6 3. Nf3 d5 4. exd5 Nxd5 5. d4 Bg4 6. a3 
e6 7. Bb5 Nxc3 8. bxc3 N@e4 9. P@b2 Bd6 10. h3 Nxf2 11. Kxf2 P@g3+ 
12. Kf1 Bh5 13. N@f4 Bxf4 14. Bxf4 N@f2 15. Qd2 Nxh1 16. Bxc6+ bxc6 17. N@e5 
R@f2+ 18. Qxf2 gxf2 19. B@d3 Bxf3 20. Nxf3 P@e4 21. N@h5 exd3 22. Nxg7+ Kf8 
23. Nxe6+ fxe6 24. B@h6+ B@g7 25. Bxg7+ Kxg7 26. B@h6+ Kf7 27. R@g7+ Ke8 28. P@f7+ 
Ke7 29. f8=Q+ Kxf8 30. Rd7+ Ke8 31. Rxd8+ Kxd8 32. Bhg5+ Kc8 33. P@b7+ Kxb7 
34. Q@b4+ P@b6 35. Qxb6+ axb6 
{LINDEGREN forfeits on time} 0-1

[Event "fics rated crazyhouse match"]
[Site "fics, Oklahoma City, OK USA"]
[Date "2000.11.26"]
[White "Gobi"]
[WhiteElo "2345"]
[Black "LINDEGREN"]
[BlackElo "2388"]
[TimeControl "60+0"]
[Result "0-1"]

1. e4 Nf6 2. Nc3 Nc6 3. Nf3 d5 4. exd5 Nxd5 5. Bc4 e6 6. d4 
Bb4 7. Bd2 P@a3 8. Bxd5 exd5 9. bxa3 Bxc3 10. Bxc3 Qe7+ 11. P@e3 N@e4 
12. B@b2 B@h5 13. Rg1 Bcg4 14. h3 Bxf3 15. gxf3 N@h2 16. B@h1 Nxc3 17. Bxc3 
B@g6 18. N@f4 Bxf3 19. Bxf3 Nxf3+ 20. Qxf3 B@e4 21. Qg4 P@f5 22. Qe2 Rd8 
23. B@c5 Qd7 24. P@h6 f6 25. hxg7 Qxg7 26. N@e6 Qe7 27. Nxg6 hxg6 28. Bxe7 
P@d2+ 29. Qxd2 Nxe7 30. Kd1 B@f3# 
{Gobi forfeits on time} 0-1